 Dungeon Crawl Stone Soup version 0.22-a0-769-g178e55541d (webtiles) character file.

2198 Holzbalken the Basher (level 9, -2/45 HPs)
             Began as a Gargoyle Monk on July 17, 2018.
             Was an Elder of Hepliaklqana.
             Slain by a killer bee (5 damage)
             ... on level 7 of the Dungeon.
             The game lasted 00:28:53 (5649 turns).

Holzbalken the Basher (Gargoyle Monk)               Turns: 5649, Time: 00:28:54

Health: -2/45      AC: 17    Str: 17    XL:     9   Next: 34%
Magic:  9/9        EV:  7    Int: 14    God:    Hepliaklqana [****..]
Gold:   316        SH:  0    Dex: 14    Spells: 8/8 levels left

rFire    + . .     SeeInvis +   a - +0 mace
rCold    . . .     Gourm    .   (no shield)
rNeg     + . .     Faith    .   h - +0 chain mail
rPois    ∞         Spirit   .   (no helmet)
rElec    +         Reflect  .   s - scarf {repulsion}
rCorr    .         Harm     .   z - +0 pair of gloves
MR       .....                  l - +1 pair of boots
Stlth    ..........             e - amulet of regeneration
HPRegen  0.55/turn              q - ring of protection from fire
MPRegen  0.11/turn              w - +2 ring of dexterity

@: repel missiles
A: reduced essence, see invisible, clever 1, negative energy resistance 1,
electricity resistance, unbreathing, evolution 1, petrification resistance, rot
immunity, AC +6
a: Recall Ancestor, Ancestor Identity, Transference, Idealise, Renounce Religion


You were on level 7 of the Dungeon.
You worshipped Hepliaklqana.
Hepliaklqana was greatly pleased with you.
You were not hungry.

You visited 1 branch of the dungeon, and saw 7 of its levels.

You collected 316 gold pieces.

Inventory:

Hand Weapons
 a - a +0 mace (weapon)
Armour
 b - a +0 robe
 h - a +0 chain mail (worn)
 i - a +0 ring mail
 k - a +0 cloak
 l - a +1 pair of boots (worn)
 s - a scarf of repulsion (worn)
 z - a +0 pair of gloves (worn)
Jewellery
 e - an amulet of regeneration (around neck)
 m - an uncursed amulet of the gourmand {unknown}
 q - a ring of protection from fire (left hand)
 r - an uncursed amulet of magic regeneration
 v - an uncursed ring of fire
 w - a +2 ring of dexterity (right hand)
 A - an uncursed ring of wizardry {unknown}
Wands
 g - a wand of random effects (15)
 B - a wand of flame (24)
Scrolls
 d - 6 scrolls of identify
 f - a scroll of magic mapping {unknown}
 j - 2 scrolls of enchant armour
 o - 2 scrolls of amnesia
 t - 3 scrolls of teleportation
 y - 2 scrolls of blinking {unknown}
 C - 2 scrolls of remove curse
Potions
 n - 2 potions of mutation
 p - a potion of haste {unknown}
 u - 2 potions of lignification {unknown}
 D - a potion of flight {unknown}
Comestibles
 c - 15 rations
 x - 4 chunks of flesh


   Skills:
 - Level 3.2 Fighting
 + Level 12.2 Maces & Flails
 - Level 2.4 Dodging
 - Level 2.1 Stealth


You had 8 spell levels left.
You didn't know any spells.
Your spell library contained the following spells:

 Spells                   Type           Power        Failure   Level  Hunger
 Confuse                  Hex            #.......     100%        3    ####...
 Confusing Touch          Hex            #.....       99%         1    ##.....
 Metabolic Englaciation   Hex/Ice        #.........   100%        5    ######.
 Petrify                  Tmut/Erth      #.......     100%        4    #####..
 Gell's Gravitas          Tloc           #.........   100%        3    ####...
 Yara's Violent Unravell  Hex/Tmut       #.........   100%        5    ######.


Dungeon Overview and Level Annotations

Branches:
Dungeon (7/15)             Temple (0/1) D:4

Altars:
Ashenzari
Cheibriados
Dithmenos
Hepliaklqana
Nemelex Xobeh
Okawaru
Qazlal
Uskayaw
Vehumet
Zin


Innate Abilities, Weirdness & Mutations

You are resistant to torment.
Your stone body is resilient. (AC +6)
You are immune to poison.
You resist negative energy. (rN+)
You are resistant to electric shocks. (rElec)
You can survive without breathing.
You are immune to petrification.
You are immune to rotting.
Your life essence is reduced to manifest your ancestor. (-10% HP)
You have supernaturally acute eyesight. (SInv)
Your mind is acute. (Int +2)
You evolve.


Message History

The killer bee stings you.
* * * LOW HITPOINT WARNING * * *
The killer bee stings you but does no damage. x2
The killer bee stings you.
* * * LOW HITPOINT WARNING * * *
You closely miss the killer bee.
The killer bee is moderately wounded.
The killer bee stings you but does no damage. x2
The killer bee barely misses you.
You hit the killer bee but do no damage.
The killer bee is moderately wounded.
The killer bee stings you but does no damage. x3
You closely miss the killer bee.
The killer bee is moderately wounded.
The killer bee stings you but does no damage.
The killer bee closely misses you. x2
You closely miss the killer bee.
The killer bee is moderately wounded.
The killer bee stings you.
You die...

####.._..### #.##.#
..##.⌠.⌠...# #.##.#
#....#(###.# #.##.#
##.......#.# #.##.#
#..###.#.#.# #.##.#
..####.....######.##.#
.###.....R........##.#
.# #.###.###########.#
.#
#.##.........@y...###
.#
#.##.#..######y.....#
.# #.##......#
##.###.# .#
#.##..###.#####.# #.##
.# #.....# #.....#.#
#..# .#
####..###.###.#.# ##.#
<# ##.>...###.#.# #.#
.# #..........#.# #.#
># #.....######.# #.#


You could see 2 killer bees.

Vanquished Creatures
  Eustachio (D:5)
  Menkaure (D:4)
  2 phantoms
  2 centaurs (D:6)
  A crocodile (D:7)
  2 killer bees (D:7)
  2 howler monkeys (D:7)
  A crimson imp (D:6)
  A centaur zombie (D:6)
  A bullfrog skeleton (D:6)
  An orc priest (D:7)
  A hound (D:6)
  An orc wizard (D:6)
  2 worker ants (D:6)
  4 adders
  2 shadow imps
  2 oozes
  2 worms
  5 dart slugs
  A leopard gecko (D:2)
  16 orcs
  A ball python (D:1)
  3 giant cockroaches
  6 goblins
  3 hobgoblins
  3 jackals
  2 quokkas
  4 bats
  A frilled lizard (D:3)
  7 kobolds
  A quokka skeleton (D:7)
  8 rats
90 creatures vanquished.

Vanquished Creatures (collateral kills)
  Sigmund (D:5)
  A water moccasin (D:6)
  2 ice beasts
  An ogre (D:7)
  A centaur (D:7)
  A bullfrog (D:6)
  A scorpion (D:4)
  A howler monkey (D:7)
  A crimson imp (D:6)
  A jelly (D:6)
  An orc priest (D:6)
  3 orc wizards
  2 worker ants (D:5)
  An adder (D:3)
  An adder skeleton (D:4)
  2 worms
  2 orcs
  2 giant cockroaches
  A goblin (D:2)
  3 jackals
  A bat (D:3)
  A kobold (D:2)
31 creatures vanquished.

Vanquished Creatures (others)
  2 hexers
2 creatures vanquished.

Grand Total: 123 creatures vanquished

Notes
Turn   | Place    | Note
-------+----------+-------------------------------------------
     0 | D:1      | Holzbalken the Gargoyle Monk began the quest for the Orb.
     0 | D:1      | Reached XP level 1. HP: 14/14 MP: 1/1
   105 | D:1      | Reached XP level 2. HP: 16/19 MP: 2/2
   333 | D:1      | Reached skill level 4 in Maces & Flails
   333 | D:1      | Reached XP level 3. HP: 9/23 MP: 3/3
  1105 | D:2      | Reached XP level 4. HP: 28/28 MP: 4/4
  1112 | D:2      | Found a hazy altar of Hepliaklqana.
  1130 | D:2      | Became a worshipper of Hepliaklqana the Forgotten
  1130 | D:2      | Reached * piety under Hepliaklqana
  1130 | D:2      | Reached ** piety under Hepliaklqana
  1131 | D:2      | Remembered your ancestor Rana as a hexer
  1191 | D:2      | Reached skill level 5 in Maces & Flails
  1774 | D:3      | Reached XP level 5. HP: 28/28 MP: 5/5
  2125 | D:4      | Noticed Menkaure
  2136 | D:4      | Killed Menkaure
  2136 | D:4      | Reached skill level 6 in Maces & Flails
  2136 | D:4      | Reached XP level 6. HP: 23/33 MP: 6/6
  2262 | D:4      | Found an iron altar of Okawaru.
  2317 | D:4      | Found a hide-covered altar of Uskayaw.
  2426 | D:4      | Found a staircase to the Ecumenical Temple.
  2461 | D:4      | Reached *** piety under Hepliaklqana
  2566 | D:4      | Noticed an ice beast
  2573 | D:4      | Killed an ice beast
  2573 | D:4      | Reached skill level 7 in Maces & Flails
  2619 | D:4      | Found a shattered altar of Ashenzari.
  2619 | D:4      | Found a shadowy altar of Dithmenos.
  3045 | D:5      | Entered Level 5 of the Dungeon
  3120 | D:5      | Found a glowing silver altar of Zin.
  3161 | D:4      | Found a snail-covered altar of Cheibriados.
  3219 | D:5      | Reached XP level 7. HP: 23/36 MP: 7/7
  3355 | D:5      | Noticed Eustachio
  3404 | D:5      | Killed Eustachio
  3404 | D:5      | Reached skill level 8 in Maces & Flails
  3417 | D:5      | Noticed Sigmund
  3426 | D:5      | Killed Sigmund
  3430 | D:5      | Found a radiant altar of Vehumet.
  3640 | D:5      | Found a stormy altar of Qazlal.
  3777 | D:5      | Reached **** piety under Hepliaklqana
  3997 | D:6      | Reached skill level 9 in Maces & Flails
  4057 | D:6      | Reached XP level 8. HP: 40/41 MP: 8/8
  4094 | D:6      | HP: 1/41 [worker ant (2)]
  4095 | D:6      | Gained mutation: You have supernaturally acute eyesight. (SInv) [potion of mutation]
  4095 | D:6      | Gained mutation: Your mind is acute. (Int +2) [potion of mutation]
  4095 | D:6      | Gained mutation: You evolve. [potion of mutation]
  4095 | D:6      | Gained mutation: You are resistant to hostile enchantments. (MR+) [potion of mutation]
  4129 | D:6      | Reached skill level 10 in Maces & Flails
  4647 | D:6      | Reached skill level 11 in Maces & Flails
  4987 | D:7      | Reached XP level 9. HP: 45/45 MP: 9/9
  5014 | D:7      | Found a sparkling altar of Nemelex Xobeh.
  5164 | D:7      | Lost mutation: You are resistant to hostile enchantments. (MR+) [evolution]
  5442 | D:7      | Reached skill level 12 in Maces & Flails
  5645 | D:7      | HP: 2/45 [killer bee (4)]
  5649 | D:7      | Slain by a killer bee

Vault maps used:
D:1:      matt_arrival_spirals
D:2:      lemuel_doored_altar, minmay_heptomino_d4
D:4:      lemuel_upstairs_altar, nicolae_overflow_crystal_walls,
          nicolae_overflow_hidden_temple, temple_fountains, first_ration,
          okawaru_ov_weapons_minmay, uniq_menkaure
D:5:      vehumet_crystals, zin_academy, kennysheep_little_box, uniq_sigmund,
          uniq_eustachio
D:7:      lemuel_crystal_altar, nemelex_xobeh_ov_fountains_minmay

Skill      XL: |  1  2  3  4  5  6  7  8  9 |
---------------+----------------------------+-----
Maces & Flails | 4 5 6 7 9 11 12 | 12.2
Fighting       | |  3.2
Dodging        | |  2.4
Stealth        | |  2.1

Action                   |  1- 3 |  4- 6 |  7- 9 || total
-------------------------+-------+-------+-------++-------
Melee: Mace              |    86 |   123 |   301 ||   510
Invok: Ancestor Identity |       |     2 |     1 ||     3
       Ancestor Life: He |       |     1 |       ||     1
  Use: Scroll            |       |     8 |     1 ||     9
       Potion            |       |       |     2 ||     2
 Stab: Sleeping          |     1 |     1 |     1 ||     3
       Distracted        |       |     3 |     1 ||     4
  Eat: Chunk             |     1 |     3 |     1 ||     5
       Ration            |       |     1 |     2 ||     3
Armor: Robe              |    27 |       |       ||    27
       Ring mail         |     9 |    53 |   119 ||   181
       Skin              |     3 |       |       ||     3
       Chain mail        |       |       |    81 ||    81
Dodge: Dodged            |    81 |    64 |   196 ||   341
       Deflected         |       |     1 |     3 ||     4

Table legend:
 A = Spawn XP
 B = Non-spawn XP
 C = Spawn XP percentage of total XP
 D = Spawn monster count
 E = Non-spawn monster count
 F = Spawn count percentage of total count
 G = Total turns spent on level
                    A         B        C        D         E        F      G
               +---------+---------+-------+---------+---------+-------+---------
         Total |       0 |    3140 |   0.0 |       0 |     121 |   0.0 |  5649
               +---------+---------+-------+---------+---------+-------+---------
           D:1 |       0 |      39 |   0.0 |       0 |      17 |   0.0 |   933
           D:2 |       0 |      72 |   0.0 |       0 |      17 |   0.0 |   461
           D:3 |       0 |      70 |   0.0 |       0 |      22 |   0.0 |   707
           D:4 |       0 |     370 |   0.0 |       0 |       6 |   0.0 |   965
           D:5 |       0 |     489 |   0.0 |       0 |       8 |   0.0 |   838
           D:6 |       0 |    1241 |   0.0 |       0 |      31 |   0.0 |  1069
           D:7 |       0 |     859 |   0.0 |       0 |      20 |   0.0 |   676
               +---------+---------+-------+---------+---------+-------+---------
